 Dungeon Crawl Stone Soup version 0.30-a0-358-g0d69a1922f (webtiles) character file.

Game seed: 4875077266212845678

485 IdlyInterested the Trooper (level 6, 0/51 HPs)
             Began as a Demonspawn Wanderer on Nov 9, 2022.
             Succumbed to Edmund's poison
             ... on level 4 of the Dungeon.
             The game lasted 00:11:23 (3200 turns).

IdlyInterested the Trooper (Demonspawn Wanderer)    Turns: 3200, Time: 00:11:24

Health: 0/51       AC:  6    Str: 13    XL:     6   Next: 88%
Magic:  9/9        EV: 14    Int: 19    God:
Gold:   586        SH:  0    Dex: 14    Spells: 8/9 levels left

rFire   . . .      SeeInvis .    i - +0 hand axe (elec)
rCold   . . .      Faith    .    (no shield)
rNeg    . . .      Spirit   .    h - +1 ring mail
rPois   .          Reflect  .    (no helmet)
rElec   .          Harm     .    (no cloak)
rCorr   .          Rampage  .    (no gloves)
Will    .....                    (no boots)
Stlth   +.........               (no amulet)
HPRegen 0.28/turn                k - +4 ring of evasion
MPRegen 0.11/turn                n - +6 ring of intelligence

@: mighty, lethally poisoned (0 -> -3), hasted, invisible, very quick
A: powered by pain 1, demonic touch 2
a: no special abilities


You were on level 4 of the Dungeon.
You visited 1 branch of the dungeon, and saw 4 of its levels.

You collected 586 gold pieces.

Inventory:

Hand Weapons
 d - a +0 short sword
 e - a +0 dagger
 i - a +0 hand axe of electrocution (weapon)
 u - a +0 dagger of chaos
 w - a +0 war axe
Missiles
 p - 15 boomerangs
 v - 6 javelins
Armour
 g - a +0 robe
 h - a +1 ring mail (worn)
Magical Staves
 r - a staff of earth
Jewellery
 k - a +4 ring of evasion (left hand)
 n - a +6 ring of intelligence (right hand)
Wands
 m - a wand of paralysis (3)
 q - a wand of flame (15)
Scrolls
 c - 2 scrolls of fog
 o - a scroll of noise {unknown}
Potions
 j - a potion of brilliance
 l - a potion of magic
 t - a potion of might {unknown}
Miscellaneous
 b - a piece from Xom's chessboard (15/15) (quivered)


   Skills:
 * Level 5.2 Fighting
 - Level 1.0 Ranged Weapons
 * Level 3.7 Unarmed Combat
 - Level 2.0 Spellcasting
 - Level 4.0 Necromancy
 - Level 4.0 Evocations


You had 8 spell levels left.
You knew the following spells:

 Your Spells              Type           Power      Damage    Failure   Level
a - Necrotise             Necr           68%        1d7       7%          1

Your spell library contained the following spells:

 Spells                   Type           Power      Damage    Failure   Level
 Sublimation of Blood     Necr           17%        N/A       11%         2
 Kiss of Death            Conj/Necr      36%        2d8       16%         1
 Summon Guardian Golem    Hex/Summ       1%         N/A       73%         3
 Orb of Destruction       Conj           0%         9d5       100%        7
 Spellforged Servitor     Conj/Summ      0%         N/A       100%        7


Dungeon Overview and Level Annotations

Branches:
Dungeon (4/15)
 Temple: D:4-7

Altars:
Makhleb
Xom

Shops:
D:3 (


Innate Abilities, Weirdness & Mutations

You sometimes gain a little power by taking damage.
Your touch may inflict irresistible damage on your foes.


Message History

You are poisoned.
You feel better. Edmund misses you.
You hit Edmund.
Edmund is severely wounded.
Edmund barely misses you.
You hit Edmund.
Edmund is severely wounded.
You feel less batty.
Your +0 hand axe of electrocution unmelds from your body.
Your +1 ring mail unmelds from your body.
Your +4 ring of evasion unmelds from your body.
Your +6 ring of intelligence unmelds from your body.
You hear the crackle of electricity.
You feel clever.
Edmund hits you with a +2 dire flail of venom!
* * * LOW HITPOINT WARNING * * *
You are lethally poisoned!
Aiming: Paralyse
Press: ? - help, Shift-Dir - straight line, f/p - Edmund
Aim: Edmund, wielding a +2 dire flail of venom, wearing a +0 scale mail and carrying a wand of polymorph (12) (severely wounded, chance to affect: 59%) Edmund suddenly stops moving!
* * * LOW HITPOINT WARNING * * *
You feel very sick.
It was a potion of invisibility.
You fade into invisibility!
* * * LOW HITPOINT WARNING * * *
You feel sick.
A magic dart appears from out of thin air!
The magic dart hits Edmund!
The helpless Edmund fails to defend himself.
You hit Edmund.
You kill Edmund!
* * * LOW HITPOINT WARNING * * *
You feel very sick.
Your Fighting skill increases to level 5!
You barely miss something.
* * * LOW HITPOINT WARNING * * *
You feel sick. Something barely misses you.
It was a potion of haste.
You feel yourself speed up.
You die...

#. . ####. .# . .. .o
.# ##..# ##. #. #O
........ .. #.
#.###.###.# ###. #.
#.......o.. .... #.
###.###...# #.
###.##...#.#...######
#...@{o....#...#.....
######.###.#..<....##
#.# .#..##.#.#. #.#
#.#.....#.#. #.#
#.#.#.###.## #.#
#.#......... #.#
#.##.)###..# #.#
#.##..# #... #.#
#.##..# ##.#


You could see an orc (unable to see you).

Vanquished Creatures
  Edmund (D:4)
  An ogre (D:4)
  A necrophage (D:4)
  A scorpion (D:3)
  A crimson imp (D:3)
  Ijyb (D:4)
  5 adders
  2 worms
  3 orcs
  3 endoplasms
  4 giant cockroaches
  8 goblins
  9 hobgoblins
  3 quokkas
  9 ball pythons
  6 bats
  4 frilled lizards
  6 kobolds
  4 rats
  3 bushes (D:3)
75 creatures vanquished.

Notes
Turn   | Place    | Note
-------+----------+-------------------------------------------
     0 | D:1      | IdlyInterested the Demonspawn Wanderer began the quest for
                  | the Orb.
     0 | D:1      | IdlyInterested set off with the following items: a +0
                  | sling, a piece from Xom's chessboard (15/15), a scroll of
                  | fog, a +0 robe; and the following spells available to
                  | memorise: Necrotise, Sublimation of Blood, Kiss of Death.
     0 | D:1      | Reached XP level 1. HP: 13/13 MP: 3/3
     2 | D:1      | Learned a level 1 spell: Necrotise
   405 | D:1      | Discovered your monstrous ancestry.
   405 | D:1      | Gained mutation: Your touch may inflict minor irresistible
                  | damage on your foes. [demonic ancestry]
   405 | D:1      | Reached XP level 2. HP: 16/20 MP: 5/5
   489 | D:1      | Found a faded altar of an unknown god.
   641 | D:2      | Reached skill level 1 in Fighting
  1034 | D:2      | Reached skill level 1 in Unarmed Combat
  1034 | D:2      | Gained mutation: Your touch may inflict irresistible damage
                  | on your foes. [demonic ancestry]
  1034 | D:2      | Reached XP level 3. HP: 26/26 MP: 6/6
  1262 | D:2      | Reached skill level 2 in Fighting
  1503 | D:3      | Found Vudie's Weapon Shoppe.
  1601 | D:3      | Reached XP level 4. HP: 31/33 MP: 7/7
  1984 | D:3      | Noticed a scorpion
  1989 | D:3      | Killed a scorpion
  1990 | D:3      | Reached skill level 3 in Fighting
  1999 | D:3      | Gained mutation: You sometimes gain a little power by
                  | taking damage. [demonic ancestry]
  1999 | D:3      | Reached XP level 5. HP: 15/41 MP: 8/8
  2280 | D:3      | Found a burning altar of Makhleb.
  2280 | D:3      | Found a shimmering altar of Xom.
  2875 | D:4      | Identified a scroll of acquirement
  2875 | D:4      | Acquired 350 gold pieces
  2936 | D:4      | Reached skill level 4 in Fighting
  3024 | D:4      | Reached XP level 6. HP: 48/48 MP: 9/9
  3042 | D:4      | Noticed Ijyb
  3051 | D:4      | Killed Ijyb
  3151 | D:4      | Noticed Edmund
  3198 | D:4      | Killed Edmund
  3199 | D:4      | Reached skill level 5 in Fighting
  3199 | D:4      | HP: 1/51 [poisoned by Edmund]
  3200 | D:4      | Succumbed to Edmund's poison

Illustrated notes

Levels and vault maps discovered:
D:1:      spicycebolla_arrival_transporter_tutorial, layout_loops_cross,
          shapermc_ecumenical_altar_acropolis, chequers_garden
D:2:      minmay_wonky_spiral, layout_loops_cross, basic_altar
D:3:      layout_loops_ring, grunt_temple_overflow_champion_of_chaos,
          serial_forest, infiniplex_forest_straight_2,
          infiniplex_forest_lined_1, infiniplex_forest_lined_2,
          infiniplex_forest_clump_small, infiniplex_forest_end_1,
          infiniplex_forest_zigzag_1, serial_shops, shop
D:4:      layout_basic, minmay_temple_entry_antechambers,
          grunt_decor_one_mirror, nrook_campfire, grunt_ministairs_12,
          uniq_edmund, uniq_ijyb

Skill      XL: |  1  2  3  4  5  6 |
---------------+-------------------+-----
Fighting       | 1 2 3 4 5 |  5.2
Necromancy     | 4 |  4.0
Unarmed Combat | 1 2 3 |  3.7
Ranged Weapons | |  1.0
Spellcasting   | |  2.0
Evocations     | |  4.0

Action                   |  1- 3 |  4- 6 || total
-------------------------+-------+-------++-------
Melee: Hand axe          |    69 |   121 ||   190
       Touch             |     7 |    31 ||    38
       Punch             |       |     7 ||     7
       Unarmed           |       |    26 ||    26
 Fire: Sling             |    10 |       ||    10
Evoke: Wand              |       |     2 ||     2
  Use: Scroll            |     1 |     4 ||     5
       Potion            |     1 |     6 ||     7
 Stab: Paralysed         |       |    20 ||    20
Armor: Ring mail         |    30 |    19 ||    49
       Robe              |     2 |       ||     2
Dodge: Dodged            |    51 |    73 ||   124

Table legend: (Time is in decaauts)
 A = Elapsed time spent in this place.
 B = Non-inter-level travel time spent in this place.
 C = Inter-level travel time spent in this place.
 D = Time resting spent in this place.
 E = Time spent auto-exploring this place.
 F = Levels seen in this place.
 G = Mean time per level.
                   A        B        C        D        E       F      G
               +--------+--------+--------+--------+--------+-----+--------+
         Total |   3260 |   2939 |    321 |    402 |   1740 |   4 |  815.0 |
       Dungeon |   3260 |   2939 |    321 |    402 |   1740 |   4 |  815.0 |
               +--------+--------+--------+--------+--------+-----+--------+

Top non-repeatable levels by time:
     D:3: 1360 daAuts
     D:2: 861 daAuts
     D:1: 680 daAuts
     D:4: 357 daAuts
